Map: Campi del massacro

Players

Sekken

  • Race: Zerg Zerg
  • League: Silver

GhostDog

  • Race: Terran Terran

Sanduku

  • Race: Zerg Zerg

LaWeedaLoca - Winner!

  • Race: Terran Terran
  • League: Master

IlBirraioOo - Winner!

  • Race: Zerg Zerg

Jhyrachy - Winner!

  • Race: Zerg Zerg
  • League: Gold

VOD

Have the link to the VOD?

Description

Time

  • Played on: April 27, 2016, 5:19 p.m.
  • Length: 10:01
Show
View Real Time Build Order
Export as new Build Order

Sekken Zerg 

Build Orders: Hatch First 

Get SALT Encoding   

  12  0:15  Drone x2  
  14  0:26  Extractor  
  14  0:27  Extractor, Drone  
  14  0:28  Drone  
  16  1:02  Hatchery  
  15  1:08  Spawning Pool  
  15  1:09  Extractor, Overlord  
  13  1:35  Hatchery  
  12  2:00  Queen  
  14  2:04  Drone x2  
  14  2:05  Drone  
  17  2:20  Drone  
  17  2:22  Drone  
  19  2:25  Queen  
  21  2:30  Drone  
  21  2:36  Drone  
  23  2:38  Drone  
  24  2:56  Drone  
  24  2:57  Drone  
  26  3:01  Extractor  
  26  3:02  Drone  
  26  3:03  Drone  
  26  3:04  Drone x2  
  29  3:08  Extractor  
  29  3:09  Extractor  
  27  3:22  Drone x2  
  27  3:24  Drone x2  
  31  3:27  Drone x3  
  31  3:32  Overlord  
  34  3:38  Spore Crawler  
  33  3:44  Lair  
  33  3:54  Overlord x2  
  29  4:04  Drone x2  
  29  4:05  Spine Crawler  
  29  4:06  Drone  
  31  4:15  Spine Crawler  
  30  4:17  Drone  
  30  4:18  Drone  
  32  4:26  Drone, Spine Crawler  
  32  4:31  Drone  
  33  4:33  Drone  
  33  4:34  Drone  
  35  4:41  Drone x2  
  35  4:42  Drone  
  38  5:03  Drone  
  38  5:04  Drone x3  
  42  5:07  Drone x4  
  42  5:10  Drone x2  
  48  5:16  Spine Crawler  
  47  5:21  Spire  
  46  5:36  Overlord x2  
  46  5:37  Overlord  
  46  5:40  Spore Crawler  
  45  5:45  Spore Crawler  
  45  5:47  Spine Crawler  
  43  5:52  Spore Crawler  
  43  5:55  Drone x2  
  44  6:02  Spine Crawler  
  43  6:16  Drone x2  
  43  6:17  Drone  
  46  7:12  Mutalisk x5  
  46  7:13  Mutalisk x6  
  46  7:14  Mutalisk x4  
  75  7:40  Overlord x5  
  45  8:51  Infestation Pit  
Show
View Real Time Build Order
Export as new Build Order

GhostDog Terran 

Build Orders:  

Get SALT Encoding   

  12  0:03  SCV  
  13  0:16  SCV  
  14  0:24  Supply Depot  
  14  0:59  SCV  
  15  1:05  Barracks  
  15  1:08  Refinery  
  15  1:11  SCV, Barracks  
  16  1:27  SCV  
  17  1:38  Supply Depot  
  17  1:51  SCV  
  18  1:54  Supply Depot  
  18  2:06  SCV  
  18  2:18  SCV  
  19  2:23  Refinery  
  19  2:31  SCV  
  20  2:40  Command Center  
  20  2:43  SCV  
  21  2:46  Marine, Barracks Tech Lab  
  22  2:55  SCV  
  23  3:01  Factory  
  23  3:04  Marine  
  23  3:07  SCV  
  24  3:16  Marauder  
  24  3:19  SCV  
  26  3:22  Marine  
  27  3:37  Marine  
  27  3:40  Marine  
  29  3:44  Factory Tech Lab  
  29  3:51  Engineering Bay  
  29  3:54  Marine  
  30  3:58  Orbital Command, Marine  
  31  4:21  Supply Depot  
  31  4:23  Supply Depot  
  31  4:24  Marine  
  31  4:25  Siege Tank, Marauder  
  37  4:34  Orbital Command  
  37  4:37  SCV  
  38  4:42  Marine  
  39  4:50  Marauder  
  41  4:58  Starport  
  41  5:11  Marauder  
  43  5:39  Marauder, Marine  
  46  5:46  Refinery  
  46  5:49  Missile Turret  
  46  5:56  Marine  
  46  5:57  Missile Turret  
  46  6:00  Terran Infantry Weapons Level 1, Marauder  
  49  6:06  Concussive Shells  
  49  6:11  Missile Turret  
  49  6:12  Medivac  
  49  6:14  Marine  
  49  6:17  Widow Mine  
  54  6:19  Missile Turret  
  54  6:21  Marauder  
  56  6:32  Missile Turret, Marine  
  57  6:41  Missile Turret  
  57  6:43  Marauder, Barracks  
  59  6:49  Stimpack  
  59  6:50  Marine  
  59  6:54  Missile Turret  
  60  6:56  Starport Reactor  
  60  6:59  Widow Mine  
  62  7:03  Missile Turret  
  62  7:27  Armory  
  62  8:08  Supply Depot  
  62  8:29  Marine x2  
  62  8:30  Supply Depot, Hellion  
  66  8:47  Marine  
  66  8:48  Marauder  
  69  8:52  Hellion  
  69  8:53  Supply Depot  
  56  9:09  Marauder  
  35  9:13  Hellion  
  35  9:14  Marine  
  35  9:15  Marine  
  35  9:16  Supply Depot  
  36  9:30  Marauder  
  28  9:32  Marine  
  28  9:33  Marine  
  28  9:35  Hellion  
Show
View Real Time Build Order
Export as new Build Order

Sanduku Zerg 

Build Orders: Hatch First 

Get SALT Encoding   

  12  0:09  Overlord  
  12  0:12  Drone  
  13  0:17  Drone  
  14  0:28  Drone  
  15  0:44  Drone x2  
  17  0:59  Hatchery, Drone  
  17  1:05  Drone  
  18  1:16  Spawning Pool  
  17  1:34  Extractor, Drone x2  
  18  2:03  Queen  
  20  2:18  Spine Crawler  
  20  2:20  Drone  
  20  2:22  Spine Crawler  
  19  2:24  Spine Crawler  
  19  2:27  Spine Crawler  
  19  2:28  Drone  
  18  2:30  Queen  
  20  2:38  Metabolic Boost  
  22  2:58  Drone x3  
  22  3:04  Zergling x6  
  26  3:23  Zergling x4  
  26  3:25  Overlord x3  
  28  3:45  Zergling x6  
  28  3:46  Zergling x2  
  32  3:55  Zergling x8  
  36  3:56  Zergling x2  
  36  3:57  Zergling x2  
  38  4:25  Zergling x12  
  38  4:26  Zergling x6  
  44  4:43  Roach Warren  
  43  4:46  Drone x2  
  43  4:47  Extractor  
  43  4:48  Drone  
  39  5:14  Drone x3  
  39  5:15  Drone x3  
  45  5:41  Lair  
  45  5:43  Pneumatized Carapace  
  45  5:53  Drone x4  
  45  5:54  Drone  
  45  5:56  Drone  
  51  5:59  Overlord x2  
  51  6:00  Extractor  
  50  6:17  Extractor  
  49  6:18  Spore Crawler  
  49  6:20  Spore Crawler  
  49  6:25  Spore Crawler  
  46  6:26  Spore Crawler  
  46  6:30  Spore Crawler, Drone x3  
  46  6:31  Spore Crawler  
  46  6:46  Hydralisk Den  
  45  6:47  Drone x4  
  45  6:49  Drone  
  50  6:56  Drone x2  
  50  7:00  Drone x2  
  54  7:03  Drone  
  49  7:50  Muscular Augments  
  49  8:16  Hatchery  
  49  8:27  Hatchery, Hydralisk  
  49  8:28  Hydralisk x8  
  49  8:30  Overlord x3  
  49  8:31  Overlord x3  
  49  8:33  Overseer  
  66  8:36  Overseer  
  66  8:47  Overseer  
  66  8:50  Hydralisk x2  
  66  8:51  Hydralisk  
Show
View Real Time Build Order
Export as new Build Order

LaWeedaLoca Terran - Winner!

Build Orders: Reaper Expand, Hellion Banshee 

Get SALT Encoding   

  12  0:01  SCV  
  13  0:13  SCV  
  14  0:17  Supply Depot  
  14  0:25  SCV  
  15  0:39  SCV  
  15  0:40  Barracks  
  16  0:44  Refinery  
  16  0:51  SCV  
  17  1:03  SCV  
  18  1:16  SCV  
  19  1:28  Orbital Command, Reaper  
  20  1:46  Command Center  
  20  1:55  Supply Depot  
  20  1:56  SCV  
  20  2:00  Barracks Reactor  
  21  2:08  SCV  
  22  2:10  Refinery  
  22  2:21  Factory  
  22  2:26  SCV  
  23  2:37  Marine x2  
  23  2:38  SCV  
  26  2:50  SCV  
  27  2:56  Marine x2  
  29  3:02  Orbital Command, SCV  
  30  3:08  Orbital Command  
  30  3:19  SCV  
  31  3:25  Starport  
  31  3:29  Barracks Tech Lab  
  31  3:31  Bunker  
  31  3:34  Hellion  
  31  3:36  Hellion  
  31  3:38  SCV x2  
  37  3:50  SCV  
  37  3:52  SCV  
  39  3:58  Hellion x2  
  39  4:01  Supply Depot  
  39  4:02  SCV  
  44  4:05  Supply Depot  
  44  4:08  Refinery, SCV  
  44  4:09  Refinery  
  45  4:10  Cloaking Field  
  45  4:14  SCV  
  46  4:22  Banshee, SCV  
  46  4:23  Hellion x2  
  54  4:26  Supply Depot  
  54  4:30  Supply Depot  
  54  4:33  SCV  
  54  4:38  SCV  
  56  4:44  Armory  
  56  4:45  SCV  
  57  4:46  Hellion x2  
  57  4:48  Barracks Tech Lab  
  57  4:50  SCV  
  62  5:06  Supply Depot  
  62  5:07  Banshee  
  62  5:14  Barracks Tech Lab  
  65  5:15  Fusion Core  
  65  5:20  Starport  
  65  5:22  Starport  
  65  5:23  SCV  
  65  5:24  SCV  
  67  5:28  Command Center  
  67  5:36  SCV  
  67  5:38  Hellion  
  67  5:39  Hellion  
  72  5:43  Factory  
  72  5:52  Banshee  
  75  5:59  Banshee  
  75  6:00  Supply Depot  
  75  6:03  Hellion x2  
  82  6:05  Hyperflight Rotors  
  82  6:10  Banshee  
  85  6:12  Command Center  
  85  6:19  SCV  
  85  6:21  SCV  
  85  6:23  Supply Depot  
  85  6:25  Hellion  
  89  6:27  Factory Tech Lab, Hellion  
  89  6:31  Terran Ship Weapons Level 1  
  91  6:37  Banshee  
  91  6:39  SCV  
  95  6:40  SCV  
  95  6:45  Supply Depot  
  95  6:46  Hellion  
  98  6:48  Infernal Pre-Igniter  
  98  6:50  Hellion  
  98  6:51  SCV  
  101  6:59  Banshee x2  
  101  7:01  Hellion  
  109  7:12  Supply Depot, SCV x2  
  111  7:21  Engineering Bay  
  111  7:24  SCV x2  
  111  7:26  Barracks Reactor, Liberator x3  
  111  7:28  Starport  
  111  7:29  Hellion x2  
  117  7:36  SCV x2  
  128  7:48  SCV  
  128  7:50  Missile Turret  
  129  7:53  Missile Turret  
  129  7:55  Supply Depot  
  129  7:57  Missile Turret  
  129  8:00  Hellion x2  
  129  8:03  Planetary Fortress  
  129  8:04  Liberator  
  133  8:14  Armory  
  133  8:21  Liberator  
  133  8:23  Hellion x2  
  133  8:24  Hellion  
  139  8:43  SCV x2  
  139  8:44  Refinery, SCV  
  139  8:45  Hellion x2  
  139  8:46  Refinery  
  146  8:50  Supply Depot  
  146  8:55  SCV  
  146  8:56  SCV  
  146  8:58  Command Center  
  136  9:10  Banshee  
  136  9:11  Banshee x2  
  141  9:25  Hellion x3  
Show
View Real Time Build Order
Export as new Build Order

IlBirraioOo Zerg - Winner!

Build Orders: Hatch First 

Get SALT Encoding   

  12  0:01  Drone  
  13  0:13  Overlord  
  13  0:18  Drone  
  14  0:31  Drone x2  
  16  0:39  Drone  
  17  0:54  Hatchery  
  17  0:57  Drone  
  17  0:59  Drone  
  18  1:12  Spawning Pool  
  18  1:16  Extractor  
  18  1:17  Drone  
  17  1:23  Drone  
  18  1:31  Drone  
  19  1:45  Drone  
  20  1:53  Drone  
  21  2:06  Drone x2  
  21  2:07  Queen  
  25  2:09  Queen  
  27  2:19  Metabolic Boost  
  27  2:21  Drone  
  28  2:24  Overlord  
  28  2:40  Extractor  
  27  2:47  Roach Warren  
  26  3:00  Drone x5  
  26  3:01  Drone  
  32  3:14  Overlord x2  
  32  3:32  Drone x4  
  32  3:33  Hatchery  
  35  3:35  Lair  
  35  3:43  Drone x2  
  35  3:45  Extractor  
  36  3:56  Zergling x6  
  41  4:10  Roach x4  
  41  4:14  Drone  
  41  4:15  Extractor  
  47  4:20  Spore Crawler  
  47  4:21  Spore Crawler  
  45  4:25  Drone  
  45  4:26  Drone  
  47  4:34  Roach x2  
  51  4:40  Overlord x2  
  51  4:41  Overlord x2  
  51  4:50  Glial Reconstitution  
  49  5:01  Roach  
  49  5:02  Roach x4  
  59  5:07  Drone x2  
  59  5:13  Queen  
  63  5:18  Roach  
  65  5:22  Drone x2  
  69  5:28  Ravager x3  
  69  5:29  Ravager  
  69  5:33  Roach x2  
  75  5:37  Drone x2  
  77  5:46  Drone x4  
  77  5:47  Drone  
  82  6:01  Roach x3  
  82  6:02  Roach  
  82  6:03  Overlord  
  90  6:20  Overlord x3  
  90  6:21  Overlord x2  
  90  6:37  Infestation Pit  
  89  6:42  Hydralisk Den  
  89  6:43  Roach x5  
  89  6:44  Roach  
  89  6:46  Drone  
  102  6:47  Drone  
  102  6:52  Overseer x2  
  102  6:58  Zergling x10  
  107  7:01  Drone  
  107  7:02  Drone  
  109  7:25  Hydralisk x5  
  119  7:31  Spore Crawler  
  119  7:34  Hydralisk x2  
  119  7:35  Hatchery  
  121  7:46  Muscular Augments  
  121  7:47  Hive  
  121  7:51  Hydralisk x2  
  121  7:54  Hydralisk  
  121  7:57  Hydralisk  
  129  8:00  Drone x2  
  131  8:26  Spore Crawler  
  129  8:28  Spore Crawler  
  129  8:29  Spore Crawler  
  129  8:31  Spore Crawler  
  129  8:32  Spore Crawler x2, Drone x6  
  129  8:33  Drone x6  
  129  8:34  Drone  
  137  8:46  Hydralisk  
  137  8:47  Hydralisk x2  
  143  8:49  Overlord  
  150  9:54  Extractor  
  150  9:56  Extractor  
Show
View Real Time Build Order
Export as new Build Order

Jhyrachy Zerg - Winner!

Build Orders: Hatch First 

Get SALT Encoding   

  12  0:02  Drone  
  13  0:11  Drone  
  14  0:19  Overlord  
  14  0:38  Drone x3  
  17  0:56  Drone  
  18  1:00  Extractor  
  18  1:01  Hatchery  
  18  1:02  Drone  
  17  1:20  Spawning Pool  
  17  1:21  Drone  
  17  1:26  Drone  
  18  1:33  Drone  
  19  1:42  Overlord  
  19  2:08  Overlord  
  19  2:10  Queen, Metabolic Boost  
  19  2:15  Evolution Chamber  
  20  2:17  Queen  
  20  2:22  Zergling x2  
  23  2:34  Drone  
  23  2:35  Drone x3  
  27  2:39  Drone  
  28  2:55  Zerg Melee Weapons Level 1  
  28  3:01  Zergling x10  
  33  3:14  Zergling x2  
  33  3:15  Zergling x2  
  33  3:19  Drone  
  36  3:45  Drone x3  
  36  3:46  Drone  
  36  3:47  Overlord x3  
  40  4:03  Zergling x2  
  40  4:04  Zergling x6  
  40  4:08  Lair  
  44  4:21  Zergling x12  
  47  4:42  Zergling x4  
  47  4:43  Zergling x8  
  53  4:47  Drone x2  
  55  4:56  Hatchery  
  54  5:08  Zerg Melee Weapons Level 2  
  54  5:13  Drone x2  
  54  5:14  Drone x3  
  58  5:15  Overlord x2  
  58  5:20  Zergling x2  
  58  5:21  Zergling x4  
  62  5:54  Queen  
  62  5:56  Zergling x2  
  66  5:57  Zergling x18  
  66  6:02  Pneumatized Carapace  
  74  6:37  Zergling x12  
  74  6:38  Zergling x18  
  68  7:31  Spore Crawler  
  68  7:34  Spore Crawler  
  68  7:36  Spore Crawler  
  52  7:38  Spore Crawler  
  52  7:40  Spore Crawler  
  52  7:43  Spore Crawler  
  49  7:46  Spore Crawler  
  48  7:51  Spore Crawler  
  48  7:52  Spore Crawler  
  48  7:54  Zerg Ground Armor Level 1  
  48  7:57  Drone x3  
  49  7:59  Drone x3  
  49  8:00  Drone x5  
  57  8:26  Spore Crawler  
  56  8:42  Zergling x2  
  56  8:43  Zergling x34  
  74  8:49  Drone x2  
  74  8:50  Drone  
  77  9:00  Infestation Pit  
Tags
 
Add a new tag
Caveats
  • Supply blocks, unpowered buildings, or Contaminate may cause inaccurate times.
  • Supply counts are checked every 10 seconds.